 Dungeon Crawl Stone Soup version 0.19.0-2-gae57169 (webtiles) character file.

81625 dobroeutro the Bludgeoner (level 15, -2/106 HPs)
             Began as a Gargoyle Fighter on Nov 5, 2016.
             Was the Champion of Okawaru.
             Slain by a quicksilver dragon simulacrum (18 damage)
             ... led by a necromancer
             ... on level 3 of the Abyss.
             The game lasted 00:46:12 (21483 turns).

dobroeutro the Bludgeoner (Gargoyle Fighter)       Turns: 21483, Time: 00:46:12

Health: -2/106     AC: 53    Str: 24      XL:     15   Next: 71%
Magic:  15/15      EV: 14    Int:  8 (10) God:    Okawaru [******]
Gold:   2135       SH: 14    Dex: 10      Spells: 0 memorised, 14 levels left

rFire  . . .     SeeInvis .     W - +5 eveningstar (protect)
rCold  + . .     Gourm    .     T - +27 Lear's hauberk
rNeg   + + .     Faith    .     s - +2 shield {reflect}
rPois  ∞         Spirit   .     (helmet currently unavailable)
rElec  +         Reflect  +     b - +1 cloak {rPois}
rCorr  .         Harm     .     (gloves currently unavailable)
MR     ++...                    (boots currently unavailable)
Stlth  ..........               (no amulet)
                                O - ring of protection from magic
                                v - ring of positive energy

@: about to teleport, flying, very slightly contaminated, hasted, very quick
A: big wings, claws 1, horns 1, talons 1, repulsion field 1, blurry vision 3,
clumsy 1, cold resistance 1, deterioration 2, low mp 2, negative energy
resistance 1, robust 1, screaming 1, electricity resistance, strong 1, wild
magic 1, unbreathing, petrification resistance, rot immunity, MP-powered wands,
AC +11
a: Stop Flying, Heroism, Finesse, Renounce Religion


You were on level 3 of the Abyss.
You worshipped Okawaru.
Okawaru was exalted by your worship.
You were very hungry.

You visited 4 branches of the dungeon, and saw 20 of its levels.
You visited the Abyss 1 time.
You also visited: Bailey and Ice Cave.

You collected 2271 gold pieces.
You spent 136 gold pieces at shops.

Inventory:

Hand Weapons
 w - a +0 eveningstar
 W - a +5 eveningstar of protection (weapon)
Armour
 b - a +1 cloak of poison resistance (worn)
 e - a +2 crystal plate armour
 o - the +5 scale mail of Amorality {Str-3 Int+4}
   (You found it on level 5 of the Dungeon)

   It affects your strength (-3).
   It affects your intelligence (+4).
 s - a +2 shield of reflection (worn)
 t - a +1 pair of gloves of strength
 x - a +2 hat
 C - the +4 scale mail of Abotho {rCorr}
   (You found it on level 6 of the Lair of Beasts)

   It protects you from acid and corrosion.
 F - a +0 pair of boots
 J - a +1 buckler of cold resistance
 T - the +27 Lear's hauberk (worn)
   (Okawaru gifted it to you on level 1 of the Lair of Beasts)
Jewellery
 l - a +2 ring of protection
 v - a ring of positive energy (left claw)
 H - an uncursed ring of ice
 O - a ring of protection from magic (right claw)
Wands
 c - a wand of iceblast (4/15)
 y - a wand of acid (6/15)
 E - a wand of lightning (8/15)
 G - a wand of paralysis (6/24)
Scrolls
 h - 3 scrolls of identify
 i - 3 scrolls of blinking
 k - 5 scrolls of remove curse
 n - 6 scrolls of teleportation
 q - 4 scrolls of recharging
 z - 5 scrolls of amnesia
 K - a scroll of magic mapping
 N - 3 scrolls of fear
 Q - a scroll of vulnerability
 X - a scroll of fog
Potions
 d - 3 potions of might
 j - 8 potions of lignification
 m - 6 potions of flight
 p - 5 potions of haste
 u - a potion of agility {unknown}
 A - a potion of ambrosia
 B - 3 potions of curing
 D - a potion of invisibility {unknown}
 L - a potion of cancellation {unknown}
Miscellaneous
 I - a phial of floods
 P - a lamp of fire
Comestibles
 a - 11 fruits
 f - 11 bread rations
 g - 11 meat rations
 r - 9 slices of pizza
 V - a beef jerky


   Skills:
 + Level 12.7 Fighting
 * Level 15.0 Maces & Flails
 + Level 12.3 Armour
 + Level 9.5 Dodging
 + Level 11.5 Shields
 - Level 2.3 Invocations
 + Level 6.4 Evocations


You had 14 spell levels left.
You didn't know any spells.

Dungeon Overview and Level Annotations

Branches:
Dungeon (11/15)            Temple (0/1) D:6            Lair (6/6) D:8
 Shoals (1/4) Lair:2       Spider (0/4) Lair:2        Slime (0/5) Lair:5
    Orc (2/2) D:10            Elf (0/3) Orc:2

Altars:
Fedhas
Gozag
Kikubaaqudgha
Makhleb
Nemelex Xobeh
Okawaru
Qazlal
Ru
Trog
Uskayaw
Zin
The Shining One
Beogh

Shops:
D:5 (*(   Orc:2 :?:(


Innate Abilities, Weirdness & Mutations

You are resistant to torment.
Your stone body is resilient. (AC +11)
You are immune to poison.
Your large and strong wings let you fly indefinitely.
You resist negative energy. (rN+)
You are resistant to electric shocks. (rElec)
You can survive without breathing.
You are immune to petrification.
You are immune to rotting.
You have sharp fingernails.
You have a pair of small horns on your head.
You have sharp toenails.
You are surrounded by a mild repulsion field. (EV +2)
You are clumsy. (Dex -2)
Your flesh is cold resistant. (rC+)
You are robust. (+10% HP)
You occasionally shout uncontrollably at your foes.
Your muscles are strong. (Str +2)
Your spells are a little harder to cast, but a little more powerful.
[Scrolls take you much longer to read.]
[Your body often deteriorates upon taking damage.]
[Your magical capacity is very low. (-20% MP)]
[You expend magic power (3 MP) to strengthen your wands.]


Message History

An apocalypse crab comes into view.
Found a grey potion.
L - a grey potion You begin reading the scroll.
You continue reading the scroll. x2
As you read the scroll of teleportation, it crumbles to dust.
You feel strangely unstable.
You feel the power of the Abyss delaying your translocation!
You feel better.
You feel better.
You feel better.
The quicksilver dragon simulacrum bites you.
The quicksilver dragon simulacrum freezes you!!
You resist.
* * * LOW HITPOINT WARNING * * *
Your body deteriorates!
You feel dopey.
The quicksilver dragon simulacrum claws you.
* * * LOW HITPOINT WARNING * * *
The quicksilver dragon simulacrum freezes you!!
You resist.
You die...

##
#.#####
###..Z.##
#...##@.#
# #######
#. . ##.#
#Z.# #.##
.# # #


You could see a quicksilver dragon simulacrum.

Vanquished Creatures
  2 orc warlords (Orc:2)
  3 merfolk impalers (Shoals:1)
  A fire dragon (Lair:2)
  Harold (Lair:1)
  Erolcha (Orc:1)
  9 hydras
  2 merfolk avatars
  A queen ant (Lair:3)
  An ogre mage (Orc:2)
  6 orc high priests (Orc:2)
  Nergalle (Lair:2)
  A wretched star (Abyss:2)
  4 sea snakes
  A hill giant (D:10)
  A harpy (Lair:6)
  An obsidian statue (Shoals:1)
  A phantasmal warrior (Abyss:2)
  6 orc knights
  A mana viper (Abyss:2)
  A necromancer (IceCv)
  A wolf spider (Lair:2)
  8 orc sorcerers
  A cyclops (Orc:1)
  3 manticores
  6 elephants (Lair:6)
  5 black mambas
  Psyche (D:9)
  An ice statue (IceCv)
  A torpor snail (Lair:6)
  5 spiny frogs
  A large abomination (Abyss:2)
  10 freezing wraiths (IceCv)
  12 komodo dragons
  7 rime drakes
  A jumping spider (Lair:2)
  2 hornets (Lair:6)
  Grinder (D:3)
  3 trolls (Orc:2)
  4 polar bears (Lair:6)
  2 two-headed ogres
  A wind drake (Lair:6)
  5 blink frogs (Lair:6)
  14 dream sheep (Lair:5)
  8 hippogriffs
  3 snapping turtles
  A spriggan (D:9)
  A vampire (D:10)
  A water elemental (D:11)
  A shadow (D:10)
  4 wyverns
  3 redbacks (Lair:2)
  4 basilisks
  27 yaks
  6 wargs
  Edmund (D:6)
  A mottled dragon (D:11)
  20 soldier ants (Lair:3)
  Duvessa (D:4)
  20 water moccasins
  4 porcupines
  38 orc warriors
  10 ice beasts
  A necrophage (D:6)
  5 sky beasts
  2 alligator simulacra (IceCv)
  An eye of draining (D:10)
  2 black bears
  8 starcursed masses (Abyss:2)
  13 wolves
  24 ogres
  3 centaurs
  15 crocodiles
  2 big kobolds
  19 bullfrogs
  A wyvern skeleton (D:9)
  Dowan (D:4)
  2 small abominations (Abyss:2)
  2 scorpions
  9 killer bees
  An elephant simulacrum (IceCv)
  3 wights (D:7)
  7 electric eels
  5 howler monkeys
  6 crimson imps
  A quasit (D:9)
  A centaur zombie (D:5)
  2 draconian simulacra (IceCv)
  2 hounds
  7 jellies
  19 orc wizards
  9 orc priests
  3 bullfrog skeletons
  2 iguanas (D:5)
  24 worker ants
  3 spriggan simulacra (IceCv)
  3 troll simulacra (IceCv)
  A wolf simulacrum (IceCv)
  2 centaur simulacra (IceCv)
  A hound zombie (D:5)
  A hound skeleton (D:4)
  A worker ant zombie (D:9)
  14 adders
  3 gnolls (Orc:1)
  7 naga simulacra (IceCv)
  3 ogre simulacra (IceCv)
  3 shadow imps
  21 white imps
  4 oozes
  An adder zombie (D:5)
  2 adder skeletons (D:5)
  A worm (D:2)
  A dart slug (D:1)
  3 leopard geckos
  73 orcs
  3 giant cockroaches
  6 goblins
  8 hobgoblins
  14 jackals
  2 quokkas
  A ball python (D:1)
  11 bats
  6 frilled lizards
  A jackal zombie (D:8)
  17 kobolds
  A quokka skeleton (D:5)
  7 rats
  A fungus (D:8)
722 creatures vanquished.

Vanquished Creatures (collateral kills)
  A warg (Orc:2)
  A crocodile (Lair:4)
  An orc (Orc:2)
3 creatures vanquished.

Vanquished Creatures (others)
  An orc wizard (Orc:2)
  3 white imps (D:11)
  3 orcs
  A fungus (D:8)
  12 plants
  5 starspawn tentacles (Abyss:3)
25 creatures vanquished.

Grand Total: 750 creatures vanquished

Notes
Turn   | Place    | Note
-------+----------+-------------------------------------------
     0 | D:1      | dobroeutro the Gargoyle Fighter began the quest for the Orb.
     0 | D:1      | Reached XP level 1. HP: 14/14 MP: 1/1
   126 | D:1      | Reached XP level 2. HP: 15/19 MP: 2/2
   426 | D:1      | Reached XP level 3. HP: 23/24 MP: 3/3
   550 | D:1      | Reached skill level 3 in Maces & Flails
   979 | D:2      | Reached XP level 4. HP: 17/29 MP: 4/4
   981 | D:2      | Found an iron altar of Okawaru.
  1002 | D:2      | Reached skill level 1 in Dodging
  1013 | D:2      | Found a glowing golden altar of the Shining One.
  1250 | D:2      | Became a worshipper of Warmaster Okawaru
  1393 | D:2      | Found a burning altar of Makhleb.
  1462 | D:2      | Found a glowing silver altar of Zin.
  1695 | D:3      | Noticed Grinder
  1714 | D:3      | Gained mutation: You are weak. (Str -2) [potion of mutation]
  1714 | D:3      | Gained mutation: [Your body sometimes deteriorates upon taking damage.] [potion of mutation]
  1714 | D:3      | Gained mutation: [Your magical capacity is low. (-10% MP)] [potion of mutation]
  1716 | D:3      | Lost mutation: [Your body sometimes deteriorates upon taking damage.] [potion of cure mutation]
  1716 | D:3      | Lost mutation: You are weak. (Str -2) [potion of cure mutation]
  1716 | D:3      | Lost mutation: [Your magical capacity is low. (-10% MP)] [potion of cure mutation]
  1724 | D:3      | Paralysed by Grinder for 4 turns
  1730 | D:3      | Paralysed by Grinder for 2 turns
  1732 | D:3      | Killed Grinder
  1732 | D:3      | Reached skill level 4 in Maces & Flails
  1732 | D:3      | Reached XP level 5. HP: 9/34 MP: 5/5
  1732 | D:3      | Reached XP level 6. HP: 11/39 MP: 6/6
  2046 | D:3      | Reached * piety under Okawaru
  2315 | D:3      | Found a blossoming altar of Fedhas.
  2454 | D:4      | Reached XP level 7. HP: 42/44 MP: 7/7
  3065 | D:4      | Reached skill level 5 in Maces & Flails
  3117 | D:4      | Reached skill level 5 in Fighting
  3153 | D:4      | Noticed Dowan
  3193 | D:4      | Killed Dowan
  3211 | D:4      | Noticed Duvessa
  3224 | D:4      | Killed Duvessa
  3474 | D:5      | Entered Level 5 of the Dungeon
  3496 | D:5      | Got a fine scale mail
  3507 | D:5      | Identified the +5 scale mail of Amorality {Str-3 Int+4} (You found it on level 5 of the Dungeon)
  3564 | D:5      | Reached skill level 5 in Armour
  3625 | D:5      | Reached ** piety under Okawaru
  3674 | D:5      | Found Jerphixush's Weapon Shop.
  3688 | D:5      | Found Jeor's Assorted Antiques.
  3702 | D:5      | Reached XP level 8. HP: 46/50 MP: 8/8
  3708 | D:5      | Reached skill level 6 in Maces & Flails
  3743 | D:5      | Bought a scroll labeled REVYRUATORR for 34 gold pieces
  3745 | D:5      | Bought a scroll labeled YPIACI ZER OPH for 34 gold pieces
  3745 | D:5      | Bought a scroll labeled NEDICZ PIBUTREL for 34 gold pieces
  3745 | D:5      | Bought a scroll labeled UJEUTIWKAL for 34 gold pieces
  3793 | D:5      | Found Gituolai's Antique Weapon Emporium.
  3996 | D:6      | Found a bloodstained altar of Trog.
  4015 | D:6      | Found a stormy altar of Qazlal.
  4074 | D:6      | Identified a scroll of acquirement
  4103 | D:6      | Found a staircase to the Ecumenical Temple.
  4189 | D:6      | Found a hide-covered altar of Uskayaw.
  4249 | D:6      | Found an ancient bone altar of Kikubaaqudgha.
  4301 | D:6      | Noticed Edmund
  4317 | D:6      | Killed Edmund
  4317 | D:6      | Reached skill level 7 in Maces & Flails
  4368 | D:6      | Found a sacrificial altar of Ru.
  4585 | D:6      | Found a sacrificial altar of Ru.
  4820 | D:7      | Reached *** piety under Okawaru
  4820 | D:7      | Reached XP level 9. HP: 56/56 MP: 9/9
  4825 | D:7      | Gained mutation: Your spells are a little harder to cast, but a little more powerful. [mutagenic meat]
  4826 | D:7      | Gained mutation: [Scrolls take you a little longer to read.] [mutagenic meat]
  4827 | D:7      | Lost mutation: [Scrolls take you a little longer to read.] [mutagenic meat]
  4828 | D:7      | Gained mutation: [Scrolls take you a little longer to read.] [mutagenic meat]
  4829 | D:7      | Gained mutation: You occasionally shout uncontrollably at your foes. [mutagenic meat]
  4830 | D:7      | Gained mutation: Your flesh is cold resistant. (rC+) [mutagenic meat]
  4927 | D:7      | Found an opulent altar of Gozag.
  5374 | D:8      | Gained mutation: You have sharp toenails. [mutagenic meat]
  5384 | D:8      | Reached skill level 8 in Maces & Flails
  5523 | D:8      | Noticed a two-headed ogre
  5530 | D:8      | Killed a two-headed ogre
  5530 | D:8      | Reached **** piety under Okawaru
  5633 | D:8      | Found a bloodstained altar of Trog.
  5679 | D:8      | Gained mutation: You are clumsy. (Dex -2) [potion of mutation]
  5679 | D:8      | Gained mutation: Your muscles are strong. (Str +2) [potion of mutation]
  5679 | D:8      | Gained mutation: You have sharp fingernails. [potion of mutation]
  5870 | D:8      | Found a staircase to the Lair.
  6000 | D:8      | Reached skill level 5 in Shields
  6000 | D:8      | Reached XP level 10. HP: 52/63 MP: 10/10
  6005 | D:8      | Gained mutation: You are robust. (+10% HP) [mutagenic meat]
  6006 | D:8      | Gained mutation: You are surrounded by a mild repulsion field. (EV +2) [mutagenic meat]
  6007 | D:8      | Gained mutation: You have a pair of small horns on your head. [mutagenic meat]
  6270 | D:9      | Reached skill level 9 in Maces & Flails
  6376 | D:9      | Reached skill level 5 in Dodging
  6630 | D:9      | Reached ***** piety under Okawaru
  6675 | D:9      | Noticed Psyche
  6688 | D:9      | Killed Psyche
  6946 | D:10     | Entered Level 10 of the Dungeon
  6999 | D:10     | Found a staircase to the Orcish Mines.
  7073 | D:10     | Noticed a hill giant
  7085 | D:10     | Killed a hill giant
  7085 | D:10     | Received a gift from Okawaru
  7916 | D:11     | Found a frozen archway.
  8097 | D:11     | Found a sparkling altar of Nemelex Xobeh.
  8102 | D:11     | Reached skill level 10 in Maces & Flails
  8214 | IceCv    | Entered an ice cave
  8487 | IceCv    | Reached XP level 11. HP: 59/75 MP: 11/11
  8613 | IceCv    | Received a gift from Okawaru
  9033 | IceCv    | Found an ancient bone altar of Kikubaaqudgha.
  9614 | IceCv    | Reached skill level 11 in Maces & Flails
  9640 | IceCv    | Noticed a necromancer
  9651 | IceCv    | Killed a necromancer
 10154 | D:11     | Noticed a five-headed hydra
 10164 | D:11     | Killed a five-headed hydra
 10164 | D:11     | Received a gift from Okawaru
 10356 | D:11     | Noticed a six-headed hydra
 10367 | D:11     | Killed a six-headed hydra
 11153 | Lair:1   | Entered Level 1 of the Lair of Beasts
 11196 | Lair:1   | Reached XP level 12. HP: 83/83 MP: 12/12
 11687 | Lair:1   | Noticed Harold
 11706 | Lair:1   | Killed Harold
 11818 | Lair:1   | Reached ****** piety under Okawaru
 11818 | Lair:1   | Received a gift from Okawaru
 11824 | Lair:1   | Reached skill level 1 in Invocations
 12075 | Lair:2   | Noticed an eight-headed hydra
 12089 | Lair:2   | Killed an eight-headed hydra
 12089 | Lair:2   | Reached skill level 12 in Maces & Flails
 12116 | Lair:2   | Noticed a six-headed hydra
 12132 | Lair:2   | Killed a six-headed hydra
 12241 | Lair:2   | Reached skill level 10 in Fighting
 12396 | Lair:2   | Noticed a fire dragon
 12414 | Lair:2   | Killed a fire dragon
 12414 | Lair:2   | Reached skill level 1 in Evocations
 12488 | Lair:2   | Reached skill level 10 in Armour
 12521 | Lair:2   | Noticed Nergalle
 12542 | Lair:2   | Killed Nergalle
 12542 | Lair:2   | Received a gift from Okawaru
 12617 | Lair:2   | Reached XP level 13. HP: 88/91 MP: 14/14
 12676 | Lair:2   | Found a staircase to the Shoals.
 12699 | Lair:2   | Received a gift from Okawaru
 12918 | Lair:2   | Found a hole to the Spider Nest.
 13157 | Lair:3   | Got a brightly glowing ring mail
 13332 | Lair:3   | Received a gift from Okawaru
 13447 | Lair:3   | Identified the +2 ring mail of Ciusch {MP+9} (You found it on level 3 of the Lair of Beasts)
 14459 | Lair:4   | Reached skill level 13 in Maces & Flails
 14945 | Lair:4   | You fall through a shaft for 2 floors!
 14945 | Lair:6   | Entered Level 6 of the Lair of Beasts
 15371 | Lair:6   | Reached skill level 10 in Shields
 15371 | Lair:6   | Gained mutation: Your large and strong wings let you fly indefinitely. [Gargoyle growth]
 15371 | Lair:6   | Reached XP level 14. HP: 61/99 MP: 17/17
 15479 | Lair:6   | Got a slimy scale mail
 15927 | Lair:6   | Received a gift from Okawaru
 16624 | Lair:5   | Reached skill level 5 in Evocations
 16713 | Lair:5   | Reached skill level 14 in Maces & Flails
 16731 | Lair:5   | Found a staircase to the Slime Pits.
 17579 | D:9      | Identified the +4 scale mail of Abotho {rCorr} (You found it on level 6 of the Lair of Beasts)
 17623 | Orc:1    | Entered Level 1 of the Orcish Mines
 17828 | Orc:1    | Found a flagged portal.
 17907 | Bailey   | Entered a bailey
 18642 | Orc:1    | Noticed Erolcha
 18652 | Orc:1    | Killed Erolcha
 18769 | Orc:2    | Entered Level 2 of the Orcish Mines
 18781 | Orc:2    | Received a gift from Okawaru
 18843 | Orc:2    | Found a staircase to the Elven Halls.
 18856 | Orc:2    | Noticed an orc warlord
 18881 | Orc:2    | Killed an orc warlord
 18881 | Orc:2    | Reached XP level 15. HP: 100/105 MP: 12/19
 19155 | Orc:2    | Noticed an orc warlord
 19167 | Orc:2    | Killed an orc warlord
 19700 | Orc:2    | Received a gift from Okawaru
 20361 | Orc:2    | Found Hacaas's Book Emporium.
 20361 | Orc:2    | Found Deocwekh's Antique Weapon Shop.
 20363 | Orc:2    | Found Huibrop's Book Emporium.
 20363 | Orc:2    | Found Pukazxy's Magic Scroll Shop.
 20437 | Orc:2    | Found a roughly hewn altar of Beogh.
 20712 | Shoals:1 | Entered Level 1 of the Shoals
 20991 | Shoals:1 | Cast into level 2 of the Abyss (merfolk)
 21026 | Abyss:2  | Paralysed by accursed screaming for 1 turns
 21030 | Abyss:2  | Reached skill level 15 in Maces & Flails
 21031 | Abyss:2  | Paralysed by accursed screaming for 1 turns
 21362 | Abyss:3  | Noticed a bone dragon
 21387 | Abyss:3  | Noticed a tentacled starspawn
 21427 | Abyss:3  | Noticed a tentacled starspawn
 21483 | Abyss:3  | Slain by a quicksilver dragon simulacrum

Skill      XL: |  1  2  3  4  5  6  7  8  9 10 11 12 13 14 15 |
---------------+----------------------------------------------+-----
Maces & Flails | 3 4 5 7 8 10 11 12 13 14 15 | 15.0
Dodging        | 2 3 4 5 6 7 8 9 |  9.5
Fighting       | 4 5 6 7 8 9 10 11 12 | 12.7
Armour         | 4 5 6 7 8 9 10 11 12 | 12.3
Shields        | 5 6 7 9 10 11 | 11.5
Invocations    | 2 |  2.3
Evocations     | 2 4 5 6 |  6.4

Action                   |  1- 3 |  4- 6 |  7- 9 | 10-12 | 13-15 || total
-------------------------+-------+-------+-------+-------+-------++-------
Melee: Flail             |   153 |   154 |   411 |   875 |   277 ||  1870
       Kick              |       |       |    14 |    62 |   490 ||   566
       Headbutt          |       |       |       |   155 |   318 ||   473
       Eveningstar       |       |       |       |       |  1392 ||  1392
Invok: Heroism           |       |       |     1 |    15 |     3 ||    19
       Finesse           |       |       |       |       |     1 ||     1
 Abil: Fly               |       |       |       |       |     1 ||     1
Evoke: Wand              |       |       |       |     1 |       ||     1
       Box of beasts     |       |       |       |       |     2 ||     2
       Lamp of fire      |       |       |       |       |     2 ||     2
       Phial of floods   |       |       |       |       |     2 ||     2
  Use: Potion            |       |     6 |     2 |     4 |     6 ||    18
       Scroll            |       |       |    10 |     9 |    13 ||    32
 Stab: Distracted        |       |       |       |     1 |       ||     1
  Eat: Chunk             |       |     6 |    18 |    11 |    25 ||    60
       Fruit             |       |       |     1 |     1 |     3 ||     5
       Bread ration      |       |       |       |     1 |       ||     1
       Beef jerky        |       |       |       |     4 |       ||     4
       Pizza             |       |       |       |     1 |     1 ||     2
       Royal jelly       |       |       |       |       |     1 ||     1
Armor: Scale mail        |    95 |    52 |   261 |   319 |       ||   727
       Skin              |       |    18 |       |       |       ||    18
       Chain mail        |       |       |       |   128 |  1079 ||  1207
Dodge: Dodged            |    52 |    46 |   146 |   385 |   860 ||  1489
Block: Shield            |    88 |    87 |   209 |   576 |  1434 ||  2394
       Reflection        |       |       |       |     6 |    17 ||    23
